 Dungeon Crawl Stone Soup version 0.30.0-10-gfe55d96785 (webtiles) character file.

Game seed: 9180569867699386269

65 ProzacElf the Shooter (level 3, 2/27 HPs)
             Began as a Demonspawn Hunter on May 14, 2023.
             Quit the game on level 3 of the Dungeon.
             The game lasted 00:02:56 (1126 turns).

ProzacElf the Shooter (Demonspawn Hunter)           Turns: 1126, Time: 00:02:56

Health: 2/27       AC:  4    Str: 13    XL:     3   Next: 92%
Magic:  3/3        EV: 12    Int: 10    God:
Gold:   74         SH:  0    Dex: 16    Spells: 2/2 levels left

rFire   . . .        a - +0 shortbow
rCold   . . .        (shield currently unavailable)
rNeg    . . .        c - +0 leather armour
rPois   .            (no helmet)
rElec   .            m - +0 cloak
rCorr   .            (no gloves)
SInv    .            (no boots)
Will    .....        (no amulet)
Stlth   ++           (no ring)
HPRegen 0.24/turn    (no ring)
MPRegen 0.08/turn

%: no passive effects
@: brilliant, on berserk cooldown, slowed, very slow
A: claws 1
a: no special abilities


You were on level 3 of the Dungeon.
You visited 1 branch of the dungeon, and saw 3 of its levels.

You collected 74 gold pieces.

Inventory:

Hand Weapons
 a - a +0 shortbow (weapon)
Armour
 c - a +0 leather armour (worn)
 e - a +0 buckler
 m - a +0 cloak (worn)
Scrolls
 b - a scroll of immolation
 d - a scroll of vulnerability {unknown}
 f - a scroll of noise {unknown}
 g - 2 scrolls of identify {unknown}
 h - a scroll of fog {unknown}
 j - 3 scrolls of teleportation {unknown}
 n - a scroll of magic mapping {unknown}
Potions
 i - a potion of attraction {unknown}
 l - 2 potions of brilliance


   Skills:
 - Level 2.0 Fighting
 + Level 4.4 Ranged Weapons
 - Level 1.7 Dodging
 + Level 2.6 Stealth


You had 2 spell levels left.
You didn't know any spells.
Your spell library was empty.

Dungeon Overview and Level Annotations

Branches:
Dungeon (3/15)

Altars:

Annotations:
D:3 Ijyb


Innate Abilities, Weirdness & Mutations

You have sharp fingernails.


Message History

Ye feel less confused.
Ijyb screams, "Git away!"
Ijyb hits ye wit' a +0 club.
Ijyb closely misses ye.
Ye take 3 damage, an' haf 37/40 hp.
Re'lly attack while wieldin' yer +0 shortbow? [Y]'s or [N]o only, please.
Re'lly attack while wieldin' yer +0 shortbow? [Y]'s or [N]o only, please.
Re'lly attack while wieldin' yer +0 shortbow? [Y]'s or [N]o only, please.
Re'lly attack while wieldin' yer +0 shortbow?
Ye clumsily bash Ijyb.
Ijyb be lightly wounded.
Ijyb hits ye wit' a +0 club.
Ye take 5 damage, an' haf 32/40 hp.
Ye closely miss Ijyb.
Ijyb be lightly wounded.
Ijyb hits ye wit' a +0 club.
Tha gnoll hits ye from afar wit' a +0 spear!
A gnoll comes inta view.
It be wieldin' a +0 whip.
Ye take 9 damage, an' haf 23/40 hp.
MASSIVE DAMAGE!!
Ye clumsily bash Ijyb.
Ijyb be moderately wounded.
Ijyb barely misses ye.
Tha gnoll hits ye wit' a +0 spear.
Ye take 4 damage, an' haf 19/40 hp.
Ye feel a strong urge ta attack somethin'.
Tha gnoll hits ye from afar wit' a +0 spear.
Ye take 6 damage, an' haf 13/40 hp.
Ye be nay longer berserk.
Ye be 'shausted.
Ye feel yerself slow down.
Ye now haf 9/27 hp.
Ijyb attacks as ye move away!
Ijyb barely misses ye.
Ijyb hits ye wit' a +0 club.
* * * LOW HITPOINT WARNIN'
* * * Tha gnoll hits ye from afar wit' a +0 spear.
* * * LOW HITPOINT WARNIN'
* * * Thar be a stone staircase leadin' up, spatt'red wit' blood 'ere.
Ye take 8 damage, an' haf 2/27 hp.
MASSIVE DAMAGE!!
Be ye sure ye want ta abandon 'tis character an' quit tha game? (Confirm wit' "aye".)

..#.# ..#.#
..#.####.
#........
#..#..) #....
#..# #@.## #g..#
#g.## #.g# ##..#
#...####.
#......)..
........)......#
#########.###..#


You could see Ijyb and 2 gnolls.

Vanquished Creatures
  A gnoll (D:3)
  An adder (D:2)
  A worm (D:2)
  4 bats
  5 endoplasms
  7 goblins
  3 hobgoblins
  3 jackals (D:1)
  4 kobolds
  A quokka (D:2)
  3 ball pythons (D:1)
  3 frilled lizards (D:1)
  A giant cockroach (D:1)
  4 rats
41 creatures vanquished.

Notes
Turn   | Place    | Note
-------+----------+-------------------------------------------
     0 | D:1      | ProzacElf the Demonspawn Hunter began the quest for the
                  | Orb.
     0 | D:1      | Reached XP level 1. HP: 16/16 MP: 1/1
    22 | D:1      | Reached skill level 1 in Stealth
    93 | D:1      | Gained mutation: You have sharp fingernails. [demonic
                  | ancestry]
    93 | D:1      | Reached XP level 2. HP: 22/22 MP: 2/2
   305 | D:1      | Reached skill level 4 in Ranged Weapons
   551 | D:1      | Reached XP level 3. HP: 27/27 MP: 3/3
  1106 | D:3      | Noticed Ijyb
  1126 | D:3      | Quit the game

Illustrated notes

Levels and vault maps discovered:
D:1:      tarquinn_simple_flora_water_c, layout_loops_ring,
          hangedman_decor_growths
D:2:      layout_rooms
D:3:      layout_loops_ring, uniq_ijyb, uniq_grinder

Skill      XL: |  1  2 |
---------------+-------+-----
Stealth        | 1 2 |  2.6
Ranged Weapons | 4 |  4.4
Fighting       | |  2.0
Dodging        | |  1.7

Action                     || total
---------------------------++-------
  Melee: Shortbow          ||     6
   Fire: Shortbow          ||   112
    Use: Potion            ||     2
 Armour: Leather armour    ||    19
  Dodge: Dodged            ||    49

Action                     || total
---------------------------++-------
  Melee: Shortbow          ||     6
   Fire: Shortbow          ||   112
    Use: Potion            ||     2
 Armour: Leather armour    ||    19
  Dodge: Dodged            ||    49

Levels and vault maps discovered:
D:1:      tarquinn_simple_flora_water_c, layout_loops_ring,
          hangedman_decor_growths
D:2:      layout_rooms
D:3:      layout_loops_ring, uniq_ijyb, uniq_grinder
